 Dungeon Crawl Stone Soup version 0.28-a0-1117-g0bdd5ba030 (webtiles) character file.

Game seed: 14990326563457213506

39 mcbry74 the Scratcher (level 3, -2/15 HPs)
             Began as a Felid Transmuter on Dec 11, 2021.
             Succumbed to a goblin's poison
             ... on level 2 of the Dungeon.
             The game lasted 00:03:53 (1778 turns).

mcbry74 the Scratcher (Felid Transmuter)            Turns: 1778, Time: 00:03:53

Health: -2/15      AC:  1    Str:  6    XL:     3   Next: 26%
Magic:  7/7        EV: 17    Int: 16    God:
Gold:   41         SH:  0    Dex: 16    Spells: 5/6 levels left
                                        Lives:  0   Deaths: 0

rFire   . . .      SeeInvis +     - Unarmed
rCold   . . .      Faith    .   (shield unavailable)
rNeg    . . .      Spirit   .   (armour unavailable)
rPois   .          Reflect  .   (helmet unavailable)
rElec   .          Harm     .   (cloak unavailable)
rCorr   .          Rampage  .   (gloves unavailable)
Will    .....                   (boots unavailable)
Stlth   +.........              (no amulet)
HPRegen 0.05/turn               (no ring)
MPRegen 0.10/turn               (no ring)

@: lethally poisoned (-2 -> -17), quick
A: very small, claws 1, fangs 3, see invisible, speed 1, shaggy fur 1, stealthy
paws, no weapons or thrown items, no armour, multi-lived
a: no special abilities


You were on level 2 of the Dungeon.
You visited 1 branch of the dungeon, and saw 2 of its levels.

You collected 41 gold pieces.

Inventory:

Jewellery
 a - a ring of ice
Scrolls
 b - 2 scrolls of immolation {unknown}
 f - 2 scrolls of teleportation {unknown}
 g - a scroll of fear {unknown}
Potions
 c - a potion of berserk rage {unknown}
 d - a potion of mutation {unknown}
 e - 2 potions of brilliance {unknown}


   Skills:
 - Level 1.0 Fighting
 - Level 2.6 Dodging
 + Level 4.4 Unarmed Combat
 - Level 2.0 Spellcasting
 - Level 2.1 Transmutations


You had 5 spell levels left.
You knew the following spells:

 Your Spells              Type           Power      Damage    Failure   Level
a - Beastly Appendage     Tmut           16%        N/A       9%          1

Your spell library contained the following spells:

 Spells                   Type           Power      Damage    Failure   Level
 Wereblood                Tmut           8%         N/A       13%         2
 Spider Form              Tmut/Pois      5%         N/A       36%         3
 Ice Form                 Ice/Tmut       5%         N/A       78%         4


Dungeon Overview and Level Annotations

Branches:
Dungeon (2/15)

Altars:

Shops:
D:1 (


Innate Abilities, Weirdness & Mutations

You have sharp claws.
You have razor-sharp teeth.
You have supernaturally acute eyesight. (SInv)
You cover ground quickly. (Speed+)
You are covered in fur. (AC +1)
Your paws help you pounce on unaware monsters.
You are incapable of wielding weapons or throwing items.
You cannot wear armour.
You gain extra lives every three experience levels.


Message History

You barely miss the goblin. The goblin closely misses you.
The endoplasm quivers.
You claw the endoplasm!
You kill the endoplasm!
The goblin hits you with a +0 dagger.
You claw the goblin!
You kill the goblin!
You start resting.
HP restored.
Things that are here:
a +0 dagger; a goblin corpse
There is a stone staircase leading up here.
You now have 41 gold pieces (gained 10).
A goblin comes into view. It is wielding a +0 club.
The goblin shouts!
You scratch the goblin.
You kill the goblin!
Things that are here:
a +0 club; a goblin corpse
Things that are here:
a +0 club; a goblin corpse
f - 2 scrolls labelled PEASUC UCOUWY (gained 1)
You see here a +0 scale mail.
A goblin comes into view. It is wielding a +1 dagger of venom.
Found a stone staircase leading down.
The goblin shouts!
The goblin hits you with a +1 dagger of venom.
You are lethally poisoned!
You scratch the goblin.
The goblin is moderately wounded.
You feel very sick.
You barely miss the goblin.
The goblin is moderately wounded.
You feel sick.
The goblin hits you with a +1 dagger of venom.
* * * LOW HITPOINT WARNING * * *
You are more poisoned.
* * * LOW HITPOINT WARNING * * *
You feel very sick.
You die...

..... >#
.... .# ...
.#
##########
..##.#
#....#....
..#.#
#.##.#.###
##.####...#
#.##.#..#
#......g..#
#[#.....##
..######..#
#.#####...
#@.#
#.....#.##
##..####
#####.#.#
#......#
#.#.#
#####......#
#.#.#
+..........#
#.#.#
#####......#
#.#.##
#...####
#.#...
#.#..#
#.####
#.#..##
#.####


You could see a goblin.

Vanquished Creatures
  A dart slug (D:2)
  3 bats (D:1)
  6 endoplasms
  2 giant cockroaches (D:1)
  4 goblins
  4 hobgoblins (D:1)
  A jackal (D:1)
  2 kobolds (D:1)
  2 quokkas (D:1)
  A ball python (D:1)
  3 frilled lizards
  2 rats (D:1)
31 creatures vanquished.

Notes
Turn   | Place    | Note
-------+----------+-------------------------------------------
     0 | D:1      | mcbry74 the Felid Transmuter began the quest for the Orb.
     0 | D:1      | Reached XP level 1. HP: 9/9 MP: 4/4
   254 | D:1      | Reached XP level 2. HP: 4/12 MP: 6/6
   574 | D:1      | Reached skill level 4 in Unarmed Combat
   882 | D:1      | Found Miannos's Weapon Boutique.
  1018 | D:1      | Reached XP level 3. HP: 15/15 MP: 7/7
  1778 | D:2      | Succumbed to a goblin's poison

Illustrated notes

Levels and vault maps discovered:
D:1:      matt_arrival_refuge, layout_basic, serial_shops,
          nicolae_shop_bloodbath_and_beyond, st_stairs_5, minmay_close_crescents
D:2:      layout_basic, basic_ecumenical_altar

Skill      XL: |  1  2 |
---------------+-------+-----
Unarmed Combat | 4 |  4.4
Fighting       | |  1.0
Dodging        | |  2.6
Spellcasting   | |  2.0
Transmutations | |  2.1

Action                   || total
-------------------------++-------
Melee: Unarmed           ||    91
       Bite              ||     5
       Punch             ||     1
 Stab: Sleeping          ||     3
Armor: Skin              ||     4
Dodge: Dodged            ||    62

Table legend: (Time is in decaauts)
 A = Elapsed time spent in this place.
 B = Non-inter-level travel time spent in this place.
 C = Inter-level travel time spent in this place.
 D = Time resting spent in this place.
 E = Time spent auto-exploring this place.
 F = Levels seen in this place.
 G = Mean time per level.
                   A        B        C        D        E       F      G
               +--------+--------+--------+--------+--------+-----+--------+
         Total |   1572 |   1553 |     19 |    539 |    726 |   2 |  786.0 |
       Dungeon |   1572 |   1553 |     19 |    539 |    726 |   2 |  786.0 |
               +--------+--------+--------+--------+--------+-----+--------+

Top non-repeatable levels by time:
     D:1: 1321 daAuts
     D:2: 251 daAuts
